 Dungeon Crawl Stone Soup version 0.30-a0-937-ga0a21ad780 (webtiles) character file.

Game seed: 1463477498850089789

74009 Pooter the Severer (level 15, -10/124 HPs)
             Began as a Minotaur Berserker on Mar 24, 2023.
             Was a High Priest of Trog.
             Killed from afar by a deep elf zephyrmancer (25 damage)
             ... with a bolt of lightning
             ... on level 1 of the Elven Halls on Mar 25, 2023.
             The game lasted 01:59:08 (30014 turns).

Pooter the Severer (Minotaur Berserker)            Turns: 30014, Time: 01:59:09

Health: -10/124    AC: 21    Str: 27    XL:     15   Next: 5%
Magic:  14/14      EV:  8    Int:  6    God:    Trog [*****.]
Gold:   1234       SH:  0    Dex: 12    Spells: 14/14 levels left

rFire   + . .      SeeInvis +    b - +8 arbalest (flame)
rCold   + . .      Faith    .    (shield currently unavailable)
rNeg    . . .      Spirit   .    O - +0 plate armour
rPois   +          Reflect  .    (helmet restricted)
rElec   .          Rampage  +    k - scarf {rC+ rF+}
rCorr   .                        L - +2 pair of gloves
Will    ++++.                    q - +2 pair of boots {rampage} Stlth
                                 (no amulet)
HPRegen 1.40/turn                A - ring "Daffajiu" {rPois Will+ Dex+2 Stlth+}
MPRegen 0.14/turn                S - ring of see invisible

@: strong-willed (expiring), regenerating (expiring)
A: horns 2, retaliatory headbutt
a: Renounce Religion, Berserk, Trog's Hand, Brothers in Arms


You were on level 1 of the Elven Halls.
You worshipped Trog.
Trog was extremely pleased with you.
You visited 4 branches of the dungeon, and saw 23 of its levels.
You also visited: Sewer.

You collected 2425 gold pieces.
You spent 1191 gold pieces at shops.

Inventory:

Hand Weapons
 a - the +8 executioner's axe "Yvist" {speed, Will+ Str+3 Dex+2 SInv}
   (You acquired it on level 7 of the Dungeon)

   Str:       It affects your strength (+3).
   Dex:       It affects your dexterity (+2).
   SInv:      It lets you see invisible.
   Will:      It increases your willpower.
 b - a +8 arbalest of flaming (weapon)
   (You found it on level 8 of the Dungeon)
 w - a +2 vampiric trident
   (You took it off an orc on level 8 of the Dungeon)
 x - a +4 dire flail of freezing
   (You took it off a wight on level 6 of the Dungeon)
 K - a +1 antimagic executioner's axe
   (Trog gifted it to you on level 14 of the Dungeon)
Missiles
 p - 10 atropa-tipped darts
 s - a boomerang of dispersal {!f}
 G - 25 poisoned darts
 J - 13 boomerangs
 P - 4 silver javelins
 Q - 182 stones
 V - 2 curare-tipped darts
Armour
 k - a scarf of resistance (worn)
   (You found it on level 4 of the Lair of Beasts)
 q - a +2 pair of boots of rampaging (worn)
   (You found it on level 4 of the Dungeon)
 r - the +2 plate armour of the Ward {-Tele Harm Regen+ rCorr}
   (You found it on level 4 of the Lair of Beasts)

   -Tele:     It prevents most forms of teleportation.
   Regen:     It increases your rate of health regeneration.
   rCorr:     It protects you from acid and corrosion.
   Harm:      It increases damage dealt and taken.
 E - +3 swamp dragon scales
   (You took it off Maggie on level 7 of the Dungeon)
 L - a +2 pair of gloves (worn)
   (You found it on level 9 of the Dungeon)
 O - a +0 plate armour (worn)
   (You took it off an orc warrior on level 9 of the Dungeon)
Jewellery
 A - the ring "Daffajiu" (left hand) {rPois Will+ Dex+2 Stlth+}
   (You found it on level 5 of the Lair of Beasts)

   [ring of poison resistance]

   Dex:       It affects your dexterity (+2).
   rPois:     It protects you from poison.
   Will:      It increases your willpower.
   Stlth:     It makes you more stealthy.
 F - a ring of fire
   (You found it on level 7 of the Dungeon)
 I - a ring of protection from cold
   (You found it on level 1 of the Dungeon)
 S - a ring of see invisible (right hand)
   (You found it on level 14 of the Dungeon)
 W - a +6 ring of intelligence
   (You found it on level 13 of the Dungeon)
Wands
 f - a wand of flame (3)
   (You found it on level 13 of the Dungeon)
 o - a wand of roots (16)
   (You found it on level 6 of the Dungeon)
 H - a wand of quicksilver (4)
   (You found it on level 8 of the Dungeon)
 M - a wand of charming (15)
   (You found it on level 9 of the Dungeon)
 U - a wand of polymorph (11)
   (You found it on level 11 of the Dungeon)
 Z - a wand of mindburst (6)
   (You found it on level 5 of the Lair of Beasts)
Scrolls
 e - 3 scrolls of poison {!r}
 g - 2 scrolls of fear
 i - 2 scrolls of identify {@r1}
 l - 3 scrolls of vulnerability {!r}
 m - 2 scrolls of immolation {!r}
 t - 5 scrolls of teleportation {@r4}
 v - 8 scrolls of magic mapping
 y - 3 scrolls of enchant armour
 z - 9 scrolls of blinking
 C - 2 scrolls of fog
 R - 4 scrolls of noise {!r}
Potions
 c - 8 potions of flight
 d - 3 potions of haste {@q3}
 h - 9 potions of lignification {!q}
 j - 2 potions of resistance
 n - 5 potions of might
 u - 7 potions of mutation {!q}
 B - a potion of ambrosia
 D - 3 potions of cancellation
 T - a potion of invisibility
 X - 5 potions of curing {@q1}
 Y - a potion of heal wounds {@q2}
Miscellaneous
 N - a condenser vane
   (You found it on level 9 of the Dungeon)


   Skills:
 - Level 9.2 Fighting
 * Level 19.0(19.4) Axes
 - Level 3.4(12.9) Maces & Flails
 - Level 5.6(13.6) Polearms
 * Level 15.6 Ranged Weapons
 + Level 9.4 Armour
 - Level 2.1 Dodging
 - Level 6.2 Stealth
 + Level 9.0 Evocations


You had 14 spell levels left.
You didn't know any spells.
Your spell library was empty.

Dungeon Overview and Level Annotations

Branches:
Dungeon (15/15)            Temple (0/1) D:4            Lair (5/5) D:8
 Shoals (0/4) Lair:3        Snake (0/4) Lair:3        Slime (0/5) Lair:5
    Orc (2/2) D:9             Elf (1/3) Orc:2        Vaults (0/5) D:14
 Depths (0/4) D:15          Sewer (visited)

Altars:
Ashenzari
Cheibriados
Dithmenos
Elyvilon
Fedhas
Gozag
Hepliaklqana
Kikubaaqudgha
Makhleb
Nemelex Xobeh
Okawaru
Qazlal
Ru
Trog
Uskayaw
Vehumet
Wu Jian
Xom
Yredelemnul
Zin
The Shining One
Jiyva

Shops:
D:3 !   D:5 :?[[=   D:8 (   Orc:2 !:?(

Annotations:
Orc:1 2 transporters


Innate Abilities, Weirdness & Mutations

You have a pair of horns on your head.
You reflexively headbutt those who attack you in melee.


Message History

The deep elf pyromancer blinks!
You shoot a bolt.
The bolt hits the deep elf zephyrmancer!
The bolt burns the deep elf zephyrmancer.
A deep elf knight comes into view. It is wielding a +0 short sword.
You shoot a bolt.
The bolt hits the deep elf zephyrmancer!!
The bolt burns the deep elf zephyrmancer!
You kill the deep elf zephyrmancer!
Trog accepts your kill.
Trog appreciates your killing of a magic user.
The deep elf demonologist gestures wildly while chanting.
The deep elf knight mumbles some strange words.
The deep elf knight flickers and vanishes for a moment.
The deep elf demonologist mumbles some strange words.
The deep elf zephyrmancer casts a spell.
The deep elf zephyrmancer blinks!
The deep elf pyromancer barely misses you.
Your Evocations skill increases to level 9!
You shoot a bolt. The bolt hits the deep elf pyromancer!
The bolt burns the deep elf pyromancer.
The deep elf pyromancer closely misses you.
The deep elf demonologist gestures wildly while chanting.
The deep elf zephyrmancer barely misses you.
You furiously retaliate!
You headbutt the deep elf zephyrmancer! You shoot a bolt.
The bolt misses the deep elf pyromancer.
You feel the effects of Trog's Hand fading.
The deep elf pyromancer barely misses you.
The deep elf pyromancer hits you but does no damage.
The deep elf zephyrmancer gestures at you while chanting.
The bolt of lightning hits you!! The bolt of lightning hits you.
You hear a shout! x4
You shoot a bolt.
The bolt misses the deep elf pyromancer.
The red devil hits you but does no damage.
The Ice Fiend calls on the powers of darkness!
The deep elf knight convulses!
The deep elf demonologist convulses!
Your body is wracked with pain!
* * * LOW HITPOINT WARNING * * *
The deep elf zephyrmancer convulses!
The deep elf pyromancer convulses!
The deep elf demonologist casts a spell.
The deep elf pyromancer hits you but does no damage.
The deep elf knight gestures wildly while chanting.
The deep elf knight seems to speed up.
The deep elf zephyrmancer casts a spell at you.
The bolt of lightning hits you!!
* * * LOW HITPOINT WARNING * * *
The bolt of lightning hits you!!
You die...

...#...#.##
......(..
..$1... #....4#
#..1e.#
#####...4e#####
..'.#..4..#3'.#
###.e@..###
+.#..e..#.+
###.....###
+.#.....#.+
###..)..###
#.<)..# #.)...#
#######


You could see a Hell Sentinel (summoned), an Ice Fiend (summoned), a sun demon
(summoned), a deep elf demonologist, a deep elf knight (fast, invisible), an ice
devil (summoned), a rust devil (summoned, expiring), a deep elf pyromancer, a
deep elf zephyrmancer and a red devil (summoned).

Vanquished Creatures
  A fire dragon (Lair:5)
  Fannar (D:11)
  6 hydras
  Erolcha (Orc:1)
  A rakshasa (D:14)
  2 catoblepae (D:14)
  A tengu warrior (D:14)
  6 centaur warriors
  5 two-headed ogres
  3 orc high priests (Orc:2)
  Urug (Orc:2)
  Sonja (D:11)
  4 skeletal warriors (D:15)
  2 skysharks
  A death drake (shapeshifter) (D:15)
  A lindwurm (Lair:5)
  2 necromancers
  4 orc knights (Orc:2)
  5 deep elf pyromancers
  4 orc sorcerers (Orc:2)
  2 deep elf zephyrmancers (Elf:1)
  5 manticores
  7 ugly things
  An oklob plant (Lair:2)
  A cyclops (Orc:1)
  23 slime creatures
  2 centaur zombies (D:15)
  5 black mambas
  4 naga magi (D:15)
  7 elephants
  2 molten gargoyles (Lair:5)
  Maggie (D:7)
  A rime drake (Lair:5)
  An unseen horror (D:12)
  8 cane toads
  2 gargoyles (D:12)
  A rime drake (shapeshifter) (D:13)
  A kobold demonologist (D:12)
  12 komodo dragons
  A troll (D:14)
  A polar bear (Lair:4)
  A wind drake (Lair:3)
  4 blink frogs
  Sigmund (D:3)
  A shadow (D:9)
  41 yaks
  4 wraiths
  A vampire (D:9)
  6 wyverns
  11 vampire mosquitoes
  3 steam dragons
  7 basilisks
  4 nagas (Lair:3)
  Duvessa (D:7)
  10 water moccasins
  3 hell hounds (Lair:5)
  16 orc warriors
  4 ice beasts
  A sky beast (D:8)
  A black bear (D:5)
  8 ogres
  19 centaurs
  4 kobold brigands
  2 scorpions (D:5)
  15 bullfrogs
  A gnoll sergeant (D:9)
  9 wights
  Dowan (D:7)
  4 killer bees (D:11)
  7 howler monkeys
  5 lava snakes (Lair:5)
  A gnoll bouda (D:8)
  2 hounds
  14 orc priests
  2 sleepcaps
  2 iguanas
  17 orc wizards
  3 boggart skeletons (D:15)
  4 hell rats (Lair:4)
  13 gnolls
  4 river rats (Sewer)
  14 adders
  2 shadow imps
  2 white imps (D:5)
  2 ufetubi
  4 dart slugs
  70 orcs
  11 ball pythons
  14 bats
  8 endoplasms
  7 giant cockroaches
  2 hobgoblins (D:1)
  3 jackals
  5 quokkas
  3 training dummies (D:8)
  5 frilled lizards
  4 goblins
  15 kobolds
  4 rats
  A bush (D:10)
573 creatures vanquished.

Vanquished Creatures (collateral kills)
  3 yaks (Lair:5)
3 creatures vanquished.

Vanquished Creatures (others)
  An orc wizard (D:5)
  6 fungi
  6 plants
13 creatures vanquished.

Grand Total: 589 creatures vanquished

Notes
Turn   | Place    | Note
-------+----------+-------------------------------------------
     0 | D:1      | Pooter the Minotaur Berserker began the quest for the Orb.
     0 | D:1      | Reached XP level 1. HP: 19/19 MP: 0/0
   103 | D:1      | Found a faded altar of an unknown god.
   118 | D:1      | Reached XP level 2. HP: 27/27 MP: 1/1
   200 | D:1      | Reached skill level 1 in Stealth
   463 | D:1      | Reached skill level 4 in Axes
   482 | D:1      | Reached XP level 3. HP: 32/33 MP: 2/2
  1152 | D:2      | Reached XP level 4. HP: 41/41 MP: 3/3
  1253 | D:2      | Reached ** piety under Trog
  1739 | D:3      | Reached skill level 5 in Fighting
  1831 | D:3      | Noticed Sigmund
  1847 | D:3      | Killed Sigmund
  1848 | D:3      | Reached XP level 5. HP: 50/50 MP: 4/4
  1848 | D:3      | Reached XP level 6. HP: 57/57 MP: 5/5
  2256 | D:3      | Found Qoacvexa's Distillery.
  2277 | D:3      | Bought a potion of degeneration for 12 gold pieces
  2277 | D:3      | Bought a potion of might for 48 gold pieces
  2277 | D:3      | Bought a potion of heal wounds for 60 gold pieces
  2369 | D:4      | Found a glowing drain.
  2391 | D:4      | Found an opulent altar of Gozag.
  2439 | D:4      | Reached skill level 5 in Axes
  2553 | Sewer    | Entered a sewer
  2849 | Sewer    | Reached *** piety under Trog
  2974 | Sewer    | Reached skill level 1 in Polearms
  3444 | D:4      | Reached XP level 7. HP: 55/64 MP: 6/6
  3838 | D:4      | Found a hazy altar of Hepliaklqana.
  3843 | D:4      | Found a shimmering altar of Xom.
  3844 | D:4      | Found a glowing golden altar of the Shining One.
  3846 | D:4      | Found a white marble altar of Elyvilon.
  3846 | D:4      | Found a radiant altar of Vehumet.
  3847 | D:4      | Found a shadowy altar of Dithmenos.
  3849 | D:4      | Found an iron altar of Okawaru.
  4000 | D:4      | Found a sparkling altar of Nemelex Xobeh.
  4024 | D:4      | Found a staircase to the Ecumenical Temple.
  4213 | D:5      | Entered Level 5 of the Dungeon
  4264 | D:5      | Found Ynoefa's Jewellery Emporium.
  4348 | D:5      | Found a burning altar of Makhleb.
  4455 | D:5      | Found Vuuwicse's Armour Shoppe.
  4540 | D:5      | Reached XP level 8. HP: 54/73 MP: 7/7
  4749 | D:5      | Found a sacrificial altar of Ru.
  4951 | D:5      | Found Ziciqait's Book Emporium.
  5004 | D:5      | Found Xecwudapp's Magic Scroll Boutique.
  5010 | D:5      | Bought a scroll of identify for 22 gold pieces
  5010 | D:5      | Bought a scroll of identify for 22 gold pieces
  5010 | D:5      | Bought a scroll of fog for 44 gold pieces
  5020 | D:5      | Found Witest's Antique Armour Shoppe.
  5091 | D:5      | Reached skill level 6 in Axes
  5091 | D:5      | Reached skill level 5 in Stealth
  5327 | D:6      | Reached skill level 5 in Polearms
  6103 | D:6      | Found a bloodstained altar of Trog.
  6238 | D:6      | Reached skill level 1 in Maces & Flails
  6243 | D:6      | Reached XP level 9. HP: 73/82 MP: 8/8
  6415 | D:7      | Found a glowing silver altar of Zin.
  6422 | D:7      | Reached skill level 1 in Ranged Weapons
  6571 | D:7      | Noticed Duvessa
  6573 | D:7      | Noticed Dowan
  6578 | D:7      | Killed Duvessa
  6582 | D:7      | Killed Dowan
  6971 | D:7      | Identified a scroll of acquirement
  6972 | D:7      | Acquired the +8 executioner's axe "Yvist" {speed, Will+
                  | Str+3 Dex+2 SInv}
  7242 | D:7      | Noticed Maggie
  7247 | D:7      | Killed Maggie
  7248 | D:7      | Reached skill level 8 in Axes
  7397 | D:8      | Found a broken altar of Ashenzari.
  7643 | D:8      | Reached skill level 9 in Axes
  7943 | D:8      | Found Qaruist's Firing Range.
  8146 | D:8      | Found a staircase to the Lair.
  8251 | D:8      | Noticed a two-headed ogre
  8257 | D:8      | Killed a two-headed ogre
  8258 | D:8      | Reached skill level 10 in Axes
  8258 | D:8      | Reached XP level 10. HP: 72/91 MP: 9/9
  9105 | D:9      | Reached skill level 5 in Ranged Weapons
  9134 | D:9      | Found a staircase to the Orcish Mines.
  9192 | D:9      | Reached skill level 11 in Axes
  9650 | D:9      | Reached **** piety under Trog
  9651 | D:9      | Reached skill level 1 in Evocations
  9772 | D:9      | Found an ornate altar of the Wu Jian Council.
  9773 | D:9      | Found an ancient bone altar of Kikubaaqudgha.
  9773 | D:9      | Found a basalt altar of Yredelemnul.
  9773 | D:9      | Found a snail-covered altar of Cheibriados.
  9774 | D:9      | Noticed a two-headed ogre
  9784 | D:9      | Killed a two-headed ogre
  9871 | D:9      | Found a hide-covered altar of Uskayaw.
  9871 | D:9      | Found a stormy altar of Qazlal.
 10180 | D:10     | Entered Level 10 of the Dungeon
 10216 | D:10     | Reached skill level 12 in Axes
 10276 | D:10     | Noticed a manticore
 10282 | D:10     | Killed a manticore
 10283 | D:10     | Reached XP level 11. HP: 73/97 MP: 10/10
 10352 | D:10     | Found a blossoming altar of Fedhas.
 11346 | Lair:1   | Entered Level 1 of the Lair of Beasts
 12257 | Lair:2   | Noticed a skyshark
 12265 | Lair:2   | Killed a skyshark
 12266 | Lair:2   | Reached skill level 13 in Axes
 12538 | Lair:2   | Noticed an oklob plant
 12545 | Lair:2   | Killed an oklob plant
 13242 | Lair:3   | Reached skill level 14 in Axes
 13244 | Lair:3   | Reached skill level 10 in Ranged Weapons
 13502 | Lair:3   | Reached skill level 5 in Evocations
 13504 | Lair:3   | Reached XP level 12. HP: 102/104 MP: 11/11
 13524 | Lair:3   | Found a staircase to the Snake Pit.
 13628 | Lair:3   | Found a staircase to the Shoals.
 14369 | Lair:4   | Identified the +2 plate armour of the Ward {-Tele Harm
                  | Regen+ rCorr}
 14443 | Lair:4   | Identified the +2 leather armour of Grim Leaves {Int+4}
 14789 | Lair:5   | Entered Level 5 of the Lair of Beasts
 14789 | Lair:5   | Noticed a five-headed hydra
 14797 | Lair:5   | Killed a five-headed hydra
 14798 | Lair:5   | Reached skill level 15 in Axes
 14801 | Lair:5   | Reached ***** piety under Trog
 14963 | Lair:5   | Found a viscous altar of Jiyva.
 14964 | Lair:5   | Found a staircase to the Slime Pits.
 15150 | Lair:5   | Found a bloodstained altar of Trog.
 15316 | Lair:5   | Reached skill level 5 in Armour
 15323 | Lair:5   | Reached XP level 13. HP: 102/111 MP: 12/12
 15446 | Lair:5   | Reached skill level 16 in Axes
 16566 | Lair:5   | Found a large runed translucent door.
 16567 | Lair:5   | Found a large runed translucent door.
 16568 | Lair:5   | Noticed a fire dragon
 16698 | Lair:5   | Killed a fire dragon
 16758 | Lair:5   | Identified the ring "Daffajiu" {rPois Will+ Dex+2 Stlth+}
 16984 | Orc:1    | Entered Level 1 of the Orcish Mines
 17002 | Orc:1    | Noticed Erolcha
 17009 | Orc:1    | Killed Erolcha
 17218 | Orc:1    | Found a transporter.
 17240 | Orc:1    | Found a transporter.
 17242 | Orc:1    | Noticed an ettin
 17478 | Orc:2    | Entered Level 2 of the Orcish Mines
 18108 | Orc:2    | Noticed Urug
 18136 | Orc:2    | Killed Urug
 18874 | Orc:2    | Found a staircase to the Elven Halls.
 20777 | Orc:2    | Reached skill level 17 in Axes
 23354 | Orc:2    | Found Dyfocs's Antique Weapon Emporium.
 23354 | Orc:2    | Found Goimenn's Distillery.
 23356 | Orc:2    | Found Wad Feost's Magic Scroll Boutique.
 23356 | Orc:2    | Found Wolyff's Book Boutique.
 23386 | Orc:2    | Bought a scroll of noise for 11 gold pieces
 23386 | Orc:2    | Bought a scroll of identify for 22 gold pieces
 23386 | Orc:2    | Bought a scroll of identify for 22 gold pieces
 23386 | Orc:2    | Bought a scroll of identify for 22 gold pieces
 23398 | Orc:2    | Bought a potion of haste for 170 gold pieces
 23398 | Orc:2    | Bought a potion of invisibility for 136 gold pieces
 23398 | Orc:2    | Bought a potion of mutation for 136 gold pieces
 23398 | Orc:2    | Bought a potion of mutation for 136 gold pieces
 23408 | Orc:2    | Bought a scroll of blinking for 82 gold pieces
 23408 | Orc:2    | Bought a scroll of enchant weapon for 82 gold pieces
 23408 | Orc:2    | Bought a scroll of blinking for 82 gold pieces
 23408 | Orc:2    | Bought a scroll of blinking for 82 gold pieces
 23712 | D:11     | Noticed Fannar
 23729 | D:11     | Killed Fannar
 24389 | D:11     | Noticed Sonja
 24399 | D:11     | Killed Sonja
 25306 | D:12     | Reached XP level 14. HP: 118/118 MP: 13/13
 27871 | D:14     | Reached skill level 18 in Axes
 28131 | D:14     | Received a gift from Trog
 28187 | D:14     | Found a gate to the Vaults.
 28603 | D:15     | Entered Level 15 of the Dungeon
 28716 | D:15     | Reached skill level 15 in Ranged Weapons
 29040 | D:15     | Found a white marble altar of Elyvilon.
 29171 | D:15     | Found a staircase to the Depths.
 29492 | D:15     | Reached XP level 15. HP: 50/124 MP: 14/14
 29979 | Elf:1    | Entered Level 1 of the Elven Halls
 29989 | Elf:1    | Reached skill level 19 in Axes
 29996 | Elf:1    | Received a gift from Trog
 30012 | Elf:1    | Noticed a Hell Sentinel
 30013 | Elf:1    | Noticed an Ice Fiend
 30014 | Elf:1    | Killed from afar by a deep elf zephyrmancer

Illustrated notes

Levels and vault maps discovered:
D:1:      sevenhm_arrival_forest_fort_small_6, layout_basic,
          basic_ecumenical_altar
D:2:      layout_basic, minmay_pentomino_x2
D:3:      layout_rooms, serial_shops, nicolae_lakefront_shop,
          serial_park_tiny_1, uniq_sigmund
D:4:      layout_layer_cave, mainiacjoe_overflow_tiny_flanked,
          grunt_gozag_statues, nicolae_overflow_hallway_of_the_gods,
          temple_pool_b, gup_sewer_entry_glass, kennysheep_generic_room_2
D:5:      layout_basic, mainiacjoe_overflow_brackets, kennysheep_little_box,
          serial_shops, shop, nicolae_lakefront_shop, nicolae_shop_waterfront,
          nicolae_shop_trees, nicolae_shop_hallway_plus,
          minmay_misc_feat_diagonals
D:6:      layout_basic, lightli_temple_of_fire, kennysheep_generic_room_10
D:7:      layout_cave_pods, zin_academy, uniq_duvessa, uniq_maggie
D:8:      minmay_inner_zag, layout_gridville, ashenzari_altar_1,
          nicolae_shop_firing_range
D:9:      layout_roguey [special_room_orc], minmay_overflow_temple_hex,
          orc_0_dummy
D:10:     layout_gridville, fedhas_bush_and_centaur_altar, eino_tiny_chamber
D:11:     layout_basic, serial_corexii_hall, corexii_hall_statues_i,
          chequers_hall_statues_y, corexii_hall_statues_l,
          chequers_hall_statues_corner_a, uniq_sonja, uniq_fannar
D:12:     layout_cave_pools, serial_column_ruins, column_ruins_hut,
          column_ruins_hut, column_ruins_open_tiny, column_ruins_grid_3,
          column_ruins_grid_1, column_ruins_open_large, column_ruins_grid_2,
          column_ruins_columns_straight
D:13:     layout_grid_maze
D:14:     nzn_motion_control, layout_small_grid, david_vaults_1
D:15:     grunt_enter_depths_magical_seal, layout_basic,
          nicolae_elyvilon_peaceful_grove
Lair:1:   layout_regular_city, grunt_megastairs_3
Lair:2:   layout_big_grid
Lair:3:   layout_long_grid, minmay_shoals_entry_beasts,
          minmay_snake_entry_guardpost_small
Lair:4:   layout_roguey, grunt_megastairs_2
Lair:5:   cheibrodos_lair_end_hotspot, layout_hall_layers,
          dpeg_slime_entry_enclosed, basic_altar
Orc:1:    gammafunk_beogh_shrine, layout_caves, uniq_erolcha
Orc:2:    st_orc_elflike, layout_caves, basic_altar, uniq_urug
Elf:1:    minmay_elf_arrival_summoners, layout_loops_cross,
          nicolae_concentric_dashed_squares_wild, uniq_kirke

Skill      XL: |  1  2  3  4  5  6  7  8  9 10 11 12 13 14 15 |
---------------+----------------------------------------------+-----
Fighting       | 4 5 6 7 8 9 |  9.2
Stealth        | 1 2 3 4 5 6 |  6.2
Axes           | 4 5 6 10 12 14 15 17 18 19 | 19.0
Polearms       | 1 3 5 |  5.6
Maces & Flails | 1 3 |  3.4
Ranged Weapons | 3 7 10 12 13 15 | 15.6
Evocations     | 2 5 6 7 8 9 |  9.0
Armour         | 5 7 9 |  9.4
Dodging        | |  2.1

Action                     |  1- 3 |  4- 6 |  7- 9 | 10-12 | 13-15 || total
---------------------------+-------+-------+-------+-------+-------++-------
  Melee: Hand axe          |    53 |    62 |       |       |       ||   115
         Headbutt          |    11 |    19 |    30 |    30 |    42 ||   132
         Punch             |     1 |     2 |       |       |       ||     3
         Halberd           |       |   110 |   160 |       |       ||   270
         Dire flail        |       |       |    29 |     5 |       ||    34
         Executioner's axe |       |       |    29 |   183 |   238 ||   450
   Fire: Shortbow          |       |       |    51 |       |       ||    51
         Arbalest          |       |       |     2 |   219 |   332 ||   553
  Throw: Stone             |     2 |     8 |     6 |       |       ||    16
         Boomerang         |       |       |     5 |     2 |     1 ||     8
         Dart              |       |       |       |       |     2 ||     2
 Invoke: Berserk           |     3 |     6 |     5 |     1 |     4 ||    19
         Trog's Hand       |       |       |     8 |     8 |     8 ||    24
         Brothers in Arms  |       |       |       |     1 |       ||     1
  Evoke: Condenser vane    |       |       |       |     1 |     1 ||     2
         Wand              |       |       |       |       |    14 ||    14
    Use: Scroll            |       |     3 |     9 |    17 |     4 ||    33
         Potion            |       |       |       |     3 |     5 ||     8
   Stab: Sleeping          |       |       |     1 |       |       ||     1
         Confused          |       |       |       |     2 |       ||     2
 Armour: Animal skin       |     7 |       |       |       |       ||     7
         Ring mail         |     6 |     9 |       |       |       ||    15
         Scale mail        |       |    71 |    63 |       |       ||   134
         Chain mail        |       |       |    71 |       |       ||    71
         Swamp dragon scal |       |       |    15 |    78 |       ||    93
         Plate armour      |       |       |       |    81 |   248 ||   329
  Dodge: Dodged            |    28 |    97 |   100 |   124 |   130 ||   479

Table legend: (Time is in decaauts)
 A = Elapsed time spent in this place.
 B = Non-inter-level travel time spent in this place.
 C = Inter-level travel time spent in this place.
 D = Time resting spent in this place.
 E = Time spent auto-exploring this place.
 F = Levels seen in this place.
 G = Mean time per level.
                   A        B        C        D        E       F      G
               +--------+--------+--------+--------+--------+-----+--------+
         Total |  30581 |  29544 |   1037 |  11432 |  13734 |  24 | 1274.2 |
       Dungeon |  17188 |  16488 |    700 |   4273 |   9724 |  15 | 1145.9 |
          Lair |   5684 |   5476 |    208 |   1692 |   2952 |   5 | 1136.8 |
  Orcish Mines |   6699 |   6571 |    128 |   5238 |    562 |   2 | 3349.5 |
   Elven Halls |     28 |     28 |      0 |      0 |      0 |   1 |   28.0 |
         Sewer |    979 |    979 |      0 |    227 |    496 |   1 |  979.0 |
               +--------+--------+--------+--------+--------+-----+--------+

Top non-repeatable levels by time:
   Orc:2: 6182 daAuts
  Lair:5: 2117 daAuts
    D:14: 1839 daAuts
     D:9: 1714 daAuts
    D:11: 1676 daAuts
     D:8: 1236 daAuts
    D:15: 1207 daAuts
    D:10: 1161 daAuts
     D:4: 1144 daAuts
     D:6: 1124 daAuts
     D:5: 1061 daAuts
     D:7: 1056 daAuts
  Lair:3: 1009 daAuts
   Sewer: 979 daAuts
  Lair:4: 969 daAuts
